AoeStats
← |TheCore| MADKILLER!!!

Arena

508460171Analyzed
2v2 RM · 9d ago on Sep 22, 2026· 38m 12s· 4 players
Game mode
Random Map
Map size
Medium (4 player)
Population
200
Speed
Normal
Resources
Standard
Victory
Conquest
Starting age
Dark Age
Ending age
Imperial Age
RankedLock teamsTeams togetherTeam positionsShared explorationLock speedFull tech treeHidden civsTurbo modeCheats
Victory
Defeat
🇺🇸 Britons · United States
1581
+11
🇺🇸 Bohemians · United States
1475
+16
🇲🇽 Italians · Mexico
1474
-14
🇨🇦 Wu · Canada
1473
-13
Milkshakespeare
5:53 Loom
9:00 Feudal Age
9:49 Double-Bit Axe
10:50 Fletching
11:16 Horse Collar
15:10 Town Watch
20:30 Castle Age
20:21 Padded Archer Armor
20:37 Gold Mining
21:24 Bodkin Arrow
23:20 Wheelbarrow
23:35 Leather Archer Armor
23:37 Bow Saw
26:39 Red Cliffs Tactics
28:08 Ballistics
28:37 Heavy Plow
30:35 Hand Cart
32:24 Hand Cart
35:48 Imperial Age
34:35 Scale Mail Armor
34:45 Forging
34:53 Masonry
35:10 Squires
36:49 Chain Mail Armor
37:47 Architecture
Im the Cookie
10:15 Feudal Age
14:08 Castle Age
11:58 Double-Bit Axe
15:43 Bow Saw
20:32 Horse Collar
24:24 Wheelbarrow
24:55 Loom
25:01 Gold Mining
29:23 Imperial Age
27:14 Hand Cart
28:18 Elite Skirmisher
28:49 Fletching
29:00 Padded Archer Armor
29:32 Bodkin Arrow
29:46 Stone Mining
30:27 Leather Archer Armor
31:33 Chemistry
30:54 Ballistics
31:29 Conscription
31:51 Bracer
32:21 Ring Archer Armor
34:56 Conscription
36:58 Two-Man Saw
|TheCore| MADKILLER!!!
10:49 Feudal Age
10:47 Loom
14:45 Castle Age
14:43 Double-Bit Axe
19:37 Horse Collar
22:47 Heavy Plow
30:09 Imperial Age
28:15 Wheelbarrow
28:21 Wheelbarrow
29:28 Chemistry
29:03 Bow Saw
31:07 Fletching
32:21 Bodkin Arrow
36:08 Conscription
37:05 Padded Archer Armor
37:05 Bracer
37:37 Hand Cart
37:08 Town Watch
|TheCore| d@ pOPE!!!
9:40 Feudal Age
13:21 Castle Age
12:07 Horse Collar
12:43 Double-Bit Axe
19:07 Wheelbarrow
20:49 Bow Saw
22:58 Hand Cart
22:32 Loom
24:34 Heavy Plow
27:51 Imperial Age
25:14 Fletching
25:36 Padded Archer Armor
27:01 Ballistics
27:31 Bodkin Arrow
29:31 Bracer
31:12 Chemistry
32:16 Two-Man Saw
32:16 Leather Archer Armor
31:40 Elite Longbowman
33:17 Conscription
33:57 Scale Mail Armor
34:08 Forging
33:41 Man-at-Arms
34:25 Town Watch
34:40 Gambesons
34:56 Squires
35:12 Chain Mail Armor
34:40 Long Swordsman
36:04 Iron Casting
36:31 Yeomen
35:54 Two-Handed Swordsman
37:05 Plate Mail Armor
36:58 Warwolf
37:34 Hoardings
37:44 Hoardings
37:24 Masonry
37:14 Champion
39:07 Blast Furnace
Connection lost

Rejoining the realm…

Still unreachable

The connection could not be restored.

Session expired

The server has moved on; the page needs a fresh start.